Cogmind - Beta 16 --- EXPLORER MODE // 2025.11.12 @ 13:29:46 Player: K.K.Y. Result: Destroyed by D-53 Grenadier with Mini Grenade Launcher Performance ------------- Evolutions (0) 0 Regions Visited (2) 400 Robots Destroyed (28) 140 Value Destroyed (474) 474 Prototype IDs (2) 40 Alien Tech Used (0) 0 Bonus (0) 0 TOTAL SCORE: 1054 Bonus ------- None Cogmind --------- Core Integrity 0/250 Matter 293/300 Energy 100/100 System Corruption 0% Temperature Cool (0) Movement Core (300) Ox5 Location -10/Mines Parts ------- > --- POWER (1) -------- (None) > --- PROPULSION (3) --- (None) > --- UTILITY (2) ------ Medium Storage Unit Improved Terrain Scanner > --- WEAPON (2) ------- Light Cannon Mining Claw > --- INVENTORY (10) --- Wheel Improved Heat Sink Sensor Array Signal Interpreter Seismic Detector Transport Network Coupler EM Pulse Gun Datajack Makeshift Spear Peak State ------------ > --- POWER ------------ Ion Engine > --- PROPULSION ------- Wheel Wheel > --- UTILITY ---------- Medium Storage Unit Improved Terrain Scanner > --- WEAPON ----------- Light Cannon Mining Claw > --- INVENTORY -------- Wheel Improved Heat Sink Sensor Array Signal Interpreter Terrain Scanner Seismic Detector Transport Network Coupler EM Pulse Gun Datajack Makeshift Spear [Rating: 10] Favorites ----------- Power Ion Engine Engine Ion Engine Propulsion Wheel Leg Aluminum Leg Wheel Wheel Utility Medium Storage Unit Device Terrain Scanner Storage Medium Storage Unit Weapon EM Pulse Gun Energy Gun EM Pulse Gun Ballistic Gun Assault Rifle Ballistic Cannon Light Cannon Launcher Grenade Launcher Slashing Weapon Mining Claw Build | -11 -10 -10 ------- Run | Yrd Mat Min Slots Evolved 1 | . 1 . Power . | . . . Propulsion 1 | . 1 . Utility . | . . . Weapon . | . . . Parts Attached 18 | 6 11 1 Power 1 | 1 . . Engine 1 | 1 . . Core . | . . . Reactor . | . . . Propulsion 7 | 2 5 . Treads . | . . . Leg 2 | 2 . . Wheel 5 | . 5 . Hover . | . . . Flight . | . . . Utility 4 | 2 1 1 Device 3 | 1 1 1 Storage 1 | 1 . . Processor . | . . . Hackware . | . . . Protection . | . . . Artifact . | . . . Weapon 6 | 1 5 . Energy Gun 2 | . 2 . Energy Cannon . | . . . Ballistic Gun 1 | 1 . . Ballistic Cannon 1 | . 1 . Launcher 1 | . 1 . Special Weapon . | . . . Impact Weapon . | . . . Slashing Weapon 1 | . 1 . Piercing Weapon . | . . . Special Melee Weapon . | . . . Unidentified Prototypes . | . . . Parts Lost 5 | . 1 4 Power 1 | . . 1 Propulsion 3 | . . 3 Utility . | . . . Weapon 1 | . 1 . Highest Loss Streak 3 | . 1 3 To Critical Strikes . | . . . Average Backups 8 | 1 8 8 Power . | . . . Propulsion 1 | . 1 1 Utility 4 | . 4 5 Weapon 1 | . 1 1 Tool/Special . | . . . Unused Backups 10 | . 3 7 Power . | . . . Propulsion 2 | . 2 . Utility 6 | . 1 5 Weapon 1 | . . 1 Tool/Special 1 | . . 1 Average Slot Usage (%) 97 | . 98 86 Engine 11 | . 12 11 Leg 2 | . 2 . Wheel 32 | . 32 25 Device 12 | . 12 12 Storage 12 | . 12 12 Energy Gun 6 | . 6 . Ballistic Gun 1 | . 1 . Ballistic Cannon 5 | . 5 11 Launcher 4 | . 5 . Slashing Weapon 5 | . 5 12 Peak Build Rating 10 | 6 9 10 Average Rating 8 | 4 8 8 On Entrance 4 | . 6 8 Avg Prop Armor Cover (%) . | . . . Naked Turns . | . . . Heaviest Build 21 | 18 21 21 Greatest Support 30 | 20 30 30 Greatest Overweight (x) 6 | . 1 6 Average Overweight (x) . | . . . Largest Inventory Capacity 10 | 10 10 10 Average Capacity 9 | 8 10 10 Most Carried 10 | 5 10 10 Average Carried 8 | 1 8 8 Final Capacity 10 | 10 10 10 Final Carried 9 | 2 9 9 Class Distribution -------------------- 100% | Hacker-Mutant Dominant Class ---------------- Hacker-Mutant | -10/Materials Hacker-Mutant | -10/Mines Resources | -11 -10 -10 ----------- Run | Yrd Mat Min Matter Collected 1118 | 170 798 150 Remotely . | . . . Salvage Created 813 | . 700 113 Parts 55 | . 46 9 Haulers Intercepted 2 | . 2 . Recyclers Shooed 1 | . 1 . Parts Field Recycled . | . . . Retrieved Matter . | . . . Parts Self-Destructed . | . . . Prevented . | . . . Parts Restored . | . . . Kills | -11 -10 -10 ------- Run | Yrd Mat Min Combat Hostiles Destroyed 11 | . 9 2 Guns 6 | . 6 . Cannons 4 | . 2 2 AOE 1 | . 1 . Classes Destroyed 8 | . 6 2 Worker 7 | . 7 . Builder 3 | . 3 . Tunneler 1 | . . 1 Hauler 2 | . 2 . Recycler 1 | . . 1 Watcher 3 | . 3 . Swarmer 4 | . 2 2 Grunt 7 | . 7 . Best Kill Streak 7 | . 7 3 Combat Bots Only 2 | . 2 2 Max Kills in Single Turn 1 | . 1 1 Gunslinging . | . . . Exploded 1 | . 1 . Melee . | . . . Uniques/NPCs Destroyed . | . . . Combat | -11 -10 -10 -------- Run | Yrd Mat Min Hostile Shots Fired 69 | . 45 24 Missed 16 | . 11 5 Hits 53 | . 34 19 Projectile 53 | . 34 19 AOE 14 | . . 14 Damage Taken 841 | . 465 376 Core 272 | . 94 178 Absorbed by Shields . | . . . Ignored by Resistances 502 | . 282 220 Core Remaining (%) 100 | 100 . . Volleys Fired 112 | . 101 11 Largest 2 | . 2 1 Hottest 70 | . 70 30 Shots Fired 157 | . 146 11 Gun 73 | . 73 . Cannon 29 | . 18 11 Launcher 55 | . 55 . Special . | . . . Kinetic 57 | . 46 11 Thermal . | . . . Explosive 55 | . 55 . Electromagnetic 45 | . 45 . Robot Hit Streak 20 | . 20 9 Robot Miss Streak 2 | . 2 1 Penetration Max . | . . . Secondary Targets 1 | . 1 . Max Gunslinging Chain 1 | . 1 . Shots Hit Robots 85 | . 76 9 Core Hits 40 | . 36 4 Critical Kills . | . . . Critical Parts Destroyed . | . . . Critical Strikes . | . . . Melee Attacks 9 | . 8 1 Impact . | . . . Slashing 9 | . 8 1 Piercing . | . . . Sneak Attacks 1 | . 1 . Combat Hostiles . | . . . Follow-up Attacks . | . . . Damage Inflicted 1585 | . 1438 147 Guns 756 | . 756 . Cannons 376 | . 229 147 Explosions 383 | . 383 . Melee 48 | . 48 . Ramming 22 | . 22 . Kinetic 609 | . 462 147 Thermal 219 | . 219 . Explosive 164 | . 164 . Electromagnetic 523 | . 523 . Impact . | . . . Slashing 48 | . 48 . Piercing . | . . . Highest Corruption . | . . . Average Corruption . | . . . Corruption Purged . | . . . Corruption Blocked . | . . . Overload Shots . | . . . Overflow Damage 8 | . 8 . Projectiles . | . . . Explosions . | . . . Melee 8 | . 8 . Knockbacks 7 | . 3 4 Impact . | . . . Kinetic 6 | . 3 3 Secondary 1 | . . 1 Self-Inflicted Damage 199 | . 199 . Shots 15 | . 15 . Rammed 2 | . 2 . Targets Rammed 2 | . 2 . Kicked . | . . . Crushed . | . . . Highest Temperature 141 | . 141 . Average Temperature 51 | . 51 . Received Heat Transfer 228 | . 228 . Siege Activations . | . . . Martial Activations . | . . . Shielding Activations . | . . . Robots Disrupted . | . . . Combat Hostiles . | . . . Robots Corrupted . | . . . Combat Hostiles . | . . . Parts Fried 1 | . 1 . Impact Corruptions . | . . . Robots Melted . | . . . Combat Hostiles . | . . . Parts Melted 1 | . 1 . Heat Transferred 250 | . 250 . Parts Sabotaged . | . . . Parts Stolen . | . . . Parts Stripped . | . . . Power Chain Reactions 4 | . 4 . Alert | -11 -10 -10 ------- Run | Yrd Mat Min Maximum Alert Level . | . . . Low Security (%) 100 | 100 100 100 Level 1 . | . . . Level 2 . | . . . Level 3 . | . . . Level 4 . | . . . Level 5 . | . . . High Security . | . . . Max Security . | . . . Peak Influence 90 | . 90 55 Initial 15 | . . 15 Average 5 | . 5 18 Influence Increases 602 | . 538 64 Destroy 0b10 Robot/C 220 | . 180 40 Destroy 0b10 Robot/NC 85 | . 75 10 Destroy Leader 70 | . 60 10 Successful Hack 7 | . 7 . Disable Machine 28 | . 24 4 Destroy Structure 192 | . 192 . Influence Decreases 602 | . 481 121 Entered New Map 42 | . . 42 Time Decay 546 | . 471 75 Lost Part 14 | . 10 4 Squads Dispatched 2 | . 2 . Investigation 2 | . 2 . Extermination . | . . . Reinforcement . | . . . Assault . | . . . Garrison . | . . . Intercept . | . . . Searches Triggered . | . . . Construction Impeded . | . . . Haulers Reinforced . | . . . Active Scanning Responses . | . . . Cargo Convoy Interrupts . | . . . Stealth | -11 -10 -10 --------- Run | Yrd Mat Min Distress Signals . | . . . Communications Jammed . | . . . Distress Signals . | . . . Times Spotted 21 | . 17 4 Peak Tracking Total 3 | . 3 2 Tactical Retreats . | . . . Traps | -11 -10 -10 ------- Run | Yrd Mat Min Traps Triggered 2 | . 2 . Indirectly . | . . . Trap Hack Attempts . | . . . Triggered . | . . . Disarmed 3 | . 3 . Reprogrammed . | . . . Reused . | . . . Traps Extracted . | . . . Installed . | . . . Triggered . | . . . Machines | -11 -10 -10 ---------- Run | Yrd Mat Min Machines Disabled 8 | . 7 1 Max in Single Turn 5 | . 5 1 Machines Repaired . | . . . Machines Dismantled . | . . . Machines Sabotaged . | . . . Overloaded Fab Kills . | . . . Hacking | -11 -10 -10 --------- Run | Yrd Mat Min Machines Accessed 4 | . 4 . Terminals 4 | . 4 . Fabricators . | . . . Repair Stations . | . . . Recycling Units . | . . . Scanalyzers . | . . . Garrison Access . | . . . Total Hacks 16 | . 16 . Successful 7 | . 7 . Failed 9 | . 9 . Catastrophic 1 | . 1 . Database Lockouts . | . . . Manual 10 | . 10 . Terminals 16 | . 16 . Fabricators . | . . . Repair Stations . | . . . Recycling Units . | . . . Scanalyzers . | . . . Garrison Access . | . . . Terminal Hacks 7 | . 7 . Record 1 | . 1 . Prototype ID Bank 1 | . 1 . Level Access Points 1 | . 1 . Branch Access Points 1 | . 1 . Scanalyzer Index 1 | . 1 . Disarm Traps 1 | . 1 . Zone Layout 1 | . 1 . Fabricator Hacks . | . . . Repair Station Hacks . | . . . Recycling Unit Hacks . | . . . Scanalyzer . | . . . Garrison Access Hacks . | . . . Unauthorized Hacks . | . . . Terminals . | . . . Fabricators . | . . . Repair Stations . | . . . Recycling Units . | . . . Scanalyzers . | . . . Garrison Access . | . . . Data Cores Recovered . | . . . Used . | . . . Hacking Detections 3 | . 3 . Full Trace Events 3 | . 3 . Feedback Events . | . . . Feedback Blocked . | . . . Robot Schematics Acquired . | . . . Robots Built . | . . . Authchips . | . . . Time . | . . . Total Robot Build Rating . | . . . Part Schematics Acquired . | . . . Parts Built . | . . . Authchips . | . . . Time . | . . . Total Part Build Rating . | . . . Part Studies Acquired . | . . . Parts Repaired . | . . . Time . | . . . Parts Recycled . | . . . Recycled Matter . | . . . Retrieved Matter . | . . . Retrieved Components . | . . . Parts Scanalyzed . | . . . Part Schematics Acquired . | . . . Parts Damaged . | . . . Bothacking | -11 -10 -10 ------------ Run | Yrd Mat Min Used RIF Installer . | . . . Robots Hacked . | . . . Non-combat . | . . . Combat . | . . . Robot Hacks Applied . | . . . Relay Couplers Released . | . . . Fabnet Peak Effective % . | . . . Robots Rewired . | . . . Allies Hacked . | . . . Hacks Repelled . | . . . Allies | -11 -10 -10 -------- Run | Yrd Mat Min Total Allies . | . . . Largest Group . | . . . Highest-Rated Group . | . . . Highest-Rated Ally . | . . . Total Orders . | . . . Ally Attacks . | . . . Total Damage . | . . . Kills . | . . . Allies Corrupted . | . . . Allies Melted . | . . . Intel | -11 -10 -10 ------- Run | Yrd Mat Min Active Infowar (turns) 3021 | 66 2834 121 Terrain 3021 | 66 2834 121 Robot Analysis Total . | . . . Derelict Logs Recovered . | . . . Drone Launches . | . . . Drone Recoveries . | . . . Exploration | -11 -10 -10 ------------- Run | Yrd Mat Min Turns Passed 3039 | 84 2834 121 Spaces Moved 2616 | 82 2437 97 Core 40 | 39 . 1 Treads . | . . . Legs 205 | 43 162 . Wheels 2371 | . 2275 96 Hover . | . . . Flight . | . . . Fastest Speed 50 | 50 80 80 Average Speed 83 | 86 82 93 Slowest Speed 350 | 120 120 350 Overloaded Moves . | . . . Propulsion Burnouts . | . . . Robots Hopped . | . . . Potential Cave-ins . | . . . Cave-ins Triggered . | . . . Exploration Rate (%) 44 | 5 100 28 Regions Visited 2 Branch Regions 1 Pre-discovered Areas . | . . . Known Exits Taken 2 | 1 1 . Unknown Exits Taken . | . . . Scrap Searched . | . . . Spaces Dug 398 | . 398 . Terrain Destroyed 521 | . 521 . Melee 5 | . 5 . Projectile . | . . . AOE 516 | . 516 . Terrain Rammed . | . . . Walls Destroyed . | . . . Machines Disabled . | . . . Actions | -11 -10 -10 --------- Run | Yrd Mat Min Total 3304 | 94 3095 115 Wait 509 | . 508 1 Move 2614 | 81 2436 97 Hop . | . . . Pick Up 26 | 7 17 2 Fast Attach 1 | 1 . . Attach 13 | 5 7 1 Detach 3 | . 3 . Swap 6 | . 5 1 Drop 9 | . 8 1 Fire 112 | . 101 11 Melee 9 | . 8 1 Ram 2 | . 2 . Kick . | . . . Crush . | . . . Escape Stasis . | . . . Rewire . | . . . Trap . | . . . Miscellaneous . | . . . Route ------- -11/Scrapyard -10/Materials (discovered 4 exits: *Mat x3 / *Min) -10/Mines (discovered 1 exit: *Mat) History --------- Turn | Location | Event 10 | -11/Scrapyard | Identified exit to Materials 10 | -11/Scrapyard | Discovered exit to Materials (range 16) 85 | -11/Scrapyard | Entered Materials 85 | -10/Materials | Evolved 1 slot: Propulsion x1 140 | -10/Materials | Identified exit to Materials 140 | -10/Materials | Discovered exit to Materials (range 9) 199 | -10/Materials | Identified exit to Mines 199 | -10/Materials | Discovered exit to Mines (range 16) 300 | -10/Materials | Build established: Hacker-Mutant 492 | -10/Materials | Discovered exit to Materials (range 7) 523 | -10/Materials | Discovered exit to Materials (range 13) 2919 | -10/Materials | Entered Mines 2940 | -10/Mines | Discovered exit to Materials (range 16) 2945 | -10/Mines | A weapon hastily lodged in a ceiling crevice suddenly fell to the ground 3004 | -10/Mines | Assembled infested the area 3028 | -10/Mines | Core integrity fell below 50% 3034 | -10/Mines | Core integrity fell below 20% 3040 | -10/Mines | Destroyed by D-53 Grenadier with Mini Grenade Launcher Last Messages --------------- 02962_ Acquired 20 matter. 02963_ K-01 Serf collects debris. 02963_ Acquired 4 matter. 02964_ Acquired 87 matter. 02967_ K-01 Serf collects debris. 02977_ Acquired 31 matter. 03004_ ALERT: Infestation in the mines, dispatching Demolisher response squad. 03006_ T-07 Excavator destroyed. 03009_ Acquired 1 matter. 03010_ Acquired 7 matter. 03012_ Acquired Imp. Terrain Scanner. 03017_ Dropped Terrain Scanner. 03026_ C-45 Heavy ARC bursts open, deploying its payload. 03026_ D-53 Grenadier unfolds itself. 03027_ D-53 Grenadier knocked back. 03029_ HV Slug penetrates Wall. 03032_ Wheel destroyed. 03038_ Ion Engine destroyed. Map ----- +----------------------------------------------------+ | | | | | | | | | ???????????????????????????????????????#????? | | ??????????#?????????????????????????????????? | | ???????????#####????????##############??????? | | ??????????## ##??????## #??????? | | ########??# ##?????# #??????? | | # #??# ####??# ######## #??????? | | # #?#?# #??# ##???#?# #??????? | | # #??## % #### #?????# #??????? | | # < #??# ## ### #?????# #??????? | | # =! #### ## ## ##?????# #?#????? | | # = =### ### ######### #??????? | | ##### ### #?##### #### = % ##????#? | | ##### #?????####??# #######??????? | | = *### #?#???????## !#?##?#???????? | | #####[ #?## #????????# ## #?????????? | | ??## ##?#### #???????## ###?#??????? | | ?## #????## ###?#### #????????#? | | ??# #?????# ## ##????????? | | ??## #?????# u #????????? | | ??### #??????# #????????? | | ????# #??#???# d #??#??????? | | ????## #??????# d @ ##?????????? | | ####### ######### #?#????? | | # ### #?##???? | | # ##### ###### #?##### ### ;#??#??? | | ??????# #????????#???## ####???##?????? | | ??#???# #????? ???????## ######???????#?????? | | ????#?# #??#???????????# ???????????????????? | | ??????# #??????#???????# ???????????????????? | | ####### #??????????????# ???????????????????? | | #??????????????# ???????????????????? | | #??????????????# ???????????????????? | | """ #??????????????# ???????????????????? | | """ #?????????????? ????????????????????? | | "" #???????#???#??#????????????????????? | | #???????????????????????????????????? | | #???????????????????????????????????? | | #???????????????????????????????????? | | #???????????????????????????????????? | | #???????????????????????????????????? | | #???????????????????????????????????? | | #########???????????????????????????????????? | | ????????#???????????????????????????????????? | | ????????????????????????????????????????????? | | ????????????????????????????????????????????? | | ????????????????????????????????????????????? | +----------------------------------------------------+ Best States ------------- Heat Dissipation 25 Energy Generation 10 Energy Capacity 250 Matter Stores 300 Matter Capacity 300 Sight Range 16 Terrain Scan Range 16 Terrain Scan Density 10 Resistance: KI 35 Resistance: TH 35 Resistance: EX 35 Resistance: EM 35 Resistance: I 35 Resistance: S 35 Resistance: P 35 Evasion (%) 55 Offensive Hacking 20 Item Schematics ----------------- None Robot Schematics ------------------ None Fabricated ------------ Nothing Repaired ---------- Nothing Studied --------- None Alien Tech Used ----------------- None Achievements -------------- None Challenges ------------ None Game ------ Seed NodeTransmissionBlaster Manual? 0 Play Time 00:19:40 Cumulative 79.0 hours Start 2025.11.12 @ 13:11:24 End 2025.11.12 @ 13:29:46 Sessions 1 Manual Loads 0 Difficulty Explorer Special Mode None Game No. 70 Rogue 0 Adventurer 0 Explorer 70 Win Type - Total 0 Types 0/0/0/0/0/0/0/0/0/0 Lore% 51 Gallery% 54 Achievement% 42 Wizard Run 0 Options --------- Layout 1 ASCII 0 Keyboard 0 Movement Mouse Keybinds 0 Fullscreen 1 Font 24/Smallcaps Map View 50x35 Zoom Use 0% Tactical HUD 1 Map Filters NONE Filters NONE Steam 1 RUN: 242af646-9a49-42cc-92f8-61e910cf9104